 Dungeon Crawl Stone Soup version 0.17-a0-1572-g7a1422d (webtiles) character file.

7785 carl the Martial Artist (level 11, -1/88 HPs)
             Began as a Red Draconian Monk on July 24, 2015.
             Was the Champion of Ru.
             Slain by bohran's ghost (10 damage)
             ... on level 9 of the Dungeon.
             The game lasted 00:32:01 (9938 turns).

carl the Martial Artist (Red Draconian Monk)        Turns: 9938, Time: 00:32:01

Health: -1/88      AC: 10    Str: 13    XL:     11   Next: 1%
Magic:  11/11      EV: 20    Int: 13    God:    Ru [******]
Gold:   467        SH:  6    Dex: 18    Spells: 1 memorised, 9 levels left

rFire  + . .     SeeInvis .     l - +5 short sword (venom)
rCold  . . .     Clarity  .     (armour unavailable)
rNeg   . . .     SustAt   .     j - +0 buckler
rPois  .         Gourm    .     (helmet restricted)
rElec  .         Spirit   .     w - +0 cloak
rCorr  +         Warding  .     (no gloves)
rMut   .         Stasis   .     z - +1 pair of boots
MR     .....                    L - amulet of resist corrosion
Stlth  ..........               p - +3 ring of evasion
                                y - +3 ring of dexterity

@: no potions, no scrolls, slowed, very slow, not resistant to hostile
enchantments, extremely unstealthy
A: breathe fire, unfitting armour, fire resistance 1, low mp 1, cold-blooded,
inability to drink while threatened, inability to read while threatened, no
stealth, inability to use devices, AC +7
a: Breathe Fire, Draw Out Power, Power Leap, Apocalypse, Renounce Religion


You were on level 9 of the Dungeon.
You worshipped Ru.
Ru was exalted by your worship.
You were hungry.

You visited 2 branches of the dungeon, and saw 10 of its levels.

You collected 467 gold pieces.

Inventory:

Hand weapons
 l - a +5 short sword of venom (weapon)
Missiles
 e - 31 arrows
 B - 19 arrows of frost
Armour
 j - a +0 buckler (worn)
 w - a +0 cloak (worn)
 z - a +1 pair of boots (worn)
Jewellery
 h - an uncursed ring of ice
 p - a +3 ring of evasion (right hand)
 y - a +3 ring of dexterity (left hand)
 L - an amulet of resist corrosion (around neck)
Scrolls
 b - 3 scrolls of magic mapping
 c - 8 scrolls of remove curse
 g - 7 scrolls of identify
 n - a scroll of fear {unknown}
 q - a scroll of random uselessness {unknown}
 t - a scroll of enchant armour {unknown}
 u - a scroll of blinking {unknown}
 v - a scroll of noise {unknown}
 F - 3 scrolls of recharging {unknown}
 G - a scroll of teleportation {unknown}
 I - 2 scrolls of amnesia
Potions
 i - 4 potions of curing {unknown}
 k - a potion of berserk rage {unknown}
 r - a potion of flight {unknown}
 s - a potion of cancellation {unknown}
 x - a potion of agility {unknown}
 C - a potion of poison {unknown}
 D - a potion of invisibility {unknown}
 E - a potion of might {unknown}
 J - a potion of heal wounds {unknown}
Books
 f - a book of Envenomations

   Spells                             Type                      Level
   a - Spider Form                    Transmutation/Poison         3
   b - Alistair's Intoxication        Transmutation/Poison         4
   c - Olgreb's Toxic Radiance        Poison                       4
   d - Poisonous Cloud                Conjuration/Poison/Air       6
Comestibles
 a - 4 bread rations
 d - 3 beef jerkies
 o - 4 meat rations
 A - 4 slices of pizza
 H - 7 royal jellies


   Skills:
 - Level 5.4 Fighting
 - Level 6.3 Dodging
 - Level 5.0 Shields
 - Level 14.0 Unarmed Combat
 + Level 1.3 Spellcasting
 * Level 2.1 Transmutations
 + Level 1.1 Poison Magic


You had 9 spell levels left.
You knew the following spells:

 Your Spells              Type           Power        Failure   Level  Hunger
a - Spider Form           Trmt/Pois      #.........   52%         3    ####...


Dungeon Overview and Level Annotations

Branches:
Dungeon (9/15)             Temple (1/1) D:6            Lair (0/8) D:9
    Orc (0/4) D:9

Altars:
Ashenzari
Cheibriados
Dithmenos
Elyvilon
Fedhas
Gozag
Kikubaaqudgha
Makhleb
Nemelex Xobeh
Okawaru
Qazlal
Ru
Sif Muna
Trog
Vehumet
Xom
Yredelemnul
Zin
The Shining One

Annotations:
D:9 bohran's ghost, experienced MiBe


Innate Abilities, Weirdness & Mutations

You can breathe blasts of fire.
Your fiery red scales are hard (AC +7).
Your body does not fit into most forms of armour.
Your flesh is heat resistant.
Your magical capacity is low (-10% MP).
You are cold-blooded and may be slowed by cold attacks.
You cannot drink potions while threatened.
You cannot read scrolls while threatened.
You cannot be stealthy.
You cannot study or use magical devices.


Message History

There is an open door here.
There is an open door here.
Read which item? (? for menu, Esc to quit)
As you read the scroll labeled NUFUOR FICWIENK, it crumbles to dust.
Forget which spell ([?*] list [ESC] exit)?
Forget which spell ([?*] list [ESC] exit)?
Okay, then.
It was a scroll of amnesia.
Bohran's ghost is stunned by your will and fails to attack.
Read which item? (? for menu, Esc to quit)
As you read the scroll labeled SEPI SALUXTUT, it crumbles to dust.
The scroll dissolves into smoke.
It was a scroll of fog.
Bohran's ghost hits you!!
You feel threatened and lose the ability to read scrolls!
You feel threatened and lose the ability to drink potions!
Bohran's ghost freezes you!
You feel yourself slow down. Bohran's ghost hits you!!
* * * LOW HITPOINT WARNING * * *
Bohran's ghost freezes you!
You die...

#########'##
# #.# # ##.#
## #..# ###y
#.## #...
#.# #.## #§#
#.# #§# ##l#
#@# #..# #W#
#.## #§#
##.# #§#
#..# #.#
##.## #.#
#..# #.#
#.##
#####'###
#.#
#..)....#
###'#####


You could see bohran's ghost.

Vanquished Creatures
  2 komodo dragons (D:9)
  A queen bee (D:8)
  A troll (shapeshifter) (D:7)
  A two-headed ogre (D:7)
  A wyvern (D:8)
  A basilisk (D:9)
  2 deep elf magi (D:9)
  2 hippogriffs (D:9)
  5 yaks (D:9)
  A hungry ghost (D:7)
  4 orc warriors
  2 sky beasts
  An ice beast (D:7)
  3 black bears
  A wasp (D:7)
  2 phantoms
  2 crocodiles
  6 ogres
  2 big kobolds (D:7)
  4 giant frogs
  Blork the orc (D:6)
  27 killer bees
  2 scorpions
  5 wights (D:8)
  2 crimson imps (D:5)
  6 orc priests
  2 jellies
  8 orc wizards
  A giant frog skeleton (D:9)
  2 iguanas
  2 giant frog zombies
  2 hounds
  3 worker ants
  A hound zombie (D:5)
  2 hound skeletons
  16 gnolls
  7 adders
  3 shadow imps
  2 worker ant zombies (D:8)
  An ooze (D:5)
  An adder skeleton (D:4)
  6 worms
  6 giant geckos
  55 orcs
  A bat zombie (D:5)
  3 giant cockroaches
  7 goblins
  14 hobgoblins
  3 jackals (D:3)
  28 kobolds
  3 quokkas
  3 ball pythons
  20 bats
  A giant gecko skeleton (D:7)
  4 giant newts
  A quokka skeleton (D:6)
  15 rats
310 creatures vanquished.

Vanquished Creatures (others)
  A phantom (D:6)
  2 orc wizards (D:9)
  A worker ant (D:5)
  2 orcs (D:9)
6 creatures vanquished.

Grand Total: 316 creatures vanquished

Notes
Turn   | Place    | Note
--------------------------------------------------------------
     0 | D:1      | carl the Draconian Monk began the quest for the Orb.
     0 | D:1      | Reached XP level 1. HP: 19/19 MP: 1/1
   116 | D:1      | Reached XP level 2. HP: 15/26 MP: 2/2
   716 | D:1      | Reached skill level 5 in Unarmed Combat
   747 | D:1      | Reached XP level 3. HP: 29/31 MP: 3/3
  1117 | D:2      | Found a sacrificial altar of Ru.
  1122 | D:2      | Became a worshipper of Ru the Awakened
  1133 | D:2      | Gained mutation: You cannot drink potions while threatened. [Ru sacrifice]
  1133 | D:2      | Acquired Ru's first power
  1627 | D:2      | Reached XP level 4. HP: 39/41 MP: 4/4
  2252 | D:3      | Reached skill level 5 in Fighting
  2262 | D:3      | Reached XP level 5. HP: 25/48 MP: 5/5
  2880 | D:4      | Reached XP level 6. HP: 44/56 MP: 6/6
  2912 | D:4      | Gained mutation: You cannot study or use magical devices. [Ru sacrifice]
  2912 | D:4      | Acquired Ru's second power
  2912 | D:4      | Acquired Ru's third power
  2912 | D:4      | Acquired Ru's fourth power
  2934 | D:4      | Found a shimmering altar of Xom.
  3210 | D:4      | Noticed an ogre
  3221 | D:4      | Killed an ogre
  3339 | D:4      | Noticed an ogre
  3354 | D:4      | Killed an ogre
  3354 | D:4      | Reached skill level 5 in Dodging
  3582 | D:4      | Your scales start taking on a fiery red colour.
  3582 | D:4      | Gained mutation: Your flesh is heat resistant. [Red Draconian growth]
  3582 | D:4      | Reached XP level 7. HP: 56/61 MP: 7/7
  3657 | D:4      | Reached skill level 6 in Dodging
  3885 | D:5      | Entered Level 5 of the Dungeon
  4355 | D:5      | Reached skill level 7 in Unarmed Combat
  4355 | D:5      | Reached XP level 8. HP: 59/69 MP: 8/8
  4777 | D:6      | Noticed Blork the orc
  4788 | D:6      | Killed Blork the orc
  4859 | D:6      | Found a staircase to the Ecumenical Temple.
  4874 | Temple   | Entered the Ecumenical Temple
  4884 | Temple   | Gained mutation: You cannot read scrolls while threatened. [Ru sacrifice]
  4884 | Temple   | Acquired Ru's fifth power
  5041 | D:6      | Reached skill level 8 in Unarmed Combat
  5284 | D:6      | Reached skill level 9 in Unarmed Combat
  5439 | D:6      | Found a blossoming altar of Fedhas.
  6053 | D:7      | Reached skill level 10 in Unarmed Combat
  6053 | D:7      | Reached XP level 9. HP: 69/74 MP: 9/9
  6288 | D:7      | Noticed a troll
  6296 | D:7      | Killed a troll
  6306 | D:7      | Noticed a two-headed ogre
  6310 | D:7      | Killed a two-headed ogre
  6371 | D:7      | Reached skill level 11 in Unarmed Combat
  6665 | D:8      | Gained mutation: You cannot be stealthy. [Ru sacrifice]
  6690 | D:8      | Reached skill level 12 in Unarmed Combat
  6915 | D:8      | Reached skill level 1 in Shields
  7052 | D:8      | Reached XP level 10. HP: 70/81 MP: 10/10
  8074 | D:9      | Reached skill level 5 in Shields
  8176 | D:9      | Found a staircase to the Lair.
  8538 | D:9      | Found a staircase to the Orcish Mines.
  8714 | D:9      | Reached skill level 13 in Unarmed Combat
  9051 | D:9      | Gained mutation: Your magical capacity is low (-10% MP). [Ru sacrifice]
  9478 | D:9      | Reached skill level 14 in Unarmed Combat
  9513 | D:9      | Noticed bohran's ghost (experienced MiBe)
  9687 | D:8      | Learned a level 3 spell: Spider Form
  9719 | D:9      | Reached skill level 1 in Transmutations
  9771 | D:9      | Reached skill level 1 in Spellcasting
  9833 | D:9      | Reached skill level 1 in Poison Magic
  9907 | D:9      | Reached XP level 11. HP: 82/88 MP: 11/11
  9938 | D:9      | Slain by bohran's ghost

Vault maps used:
D:1:      elethiomel_arrival_shortcut
D:2:      nicolae_ru_awakened_eye, first_bread
D:4:      xom_teletrap_fun
D:6:      minmay_temple_entry_junction, hex_tiny, fedhas_altar_2,
          uniq_blork_the_orc
D:7:      minmay_three_doors
D:8:      david_nohive_1
D:9:      dpeg_lair_monsters, hiddenorc2_lemuel
Temple:   kilobyte_greek_temple_18

Action                   |  1- 3 |  4- 6 |  7- 9 | 10-12 || total
-------------------------+-------+-------+-------+-------++-------
Melee: Unarmed           |    75 |       |       |       ||    75
       Short sword       |    57 |   190 |   563 |   336 ||  1146
Invok: Sacrifice Drink   |     1 |       |       |       ||     1
       Sacrifice Artific |       |     1 |       |       ||     1
       Sacrifice Words   |       |       |     1 |       ||     1
       Sacrifice Stealth |       |       |     1 |       ||     1
       Sacrifice Essence |       |       |       |     1 ||     1
  Use: Potion            |     1 |       |       |       ||     1
       Scroll            |       |       |     8 |     2 ||    10
 Stab: Sleeping          |     4 |     2 |     6 |       ||    12
       Invisible         |       |       |     6 |     4 ||    10
       Paralysed         |       |       |     9 |    13 ||    22
       Petrified         |       |       |       |     1 ||     1
  Eat: Chunk             |     2 |     5 |    12 |     8 ||    27
       Fruit             |       |       |     2 |     1 ||     3
       Pizza             |       |       |       |     1 ||     1
